3AAA
AUSTIN BLACK MAMBAS @ MONONGAHELA MONSTERS
07/21/2041
 
TOP OF THE 1ST
Austin Black Mambas batting - Pitching for Monongahela Monsters : RHP Gabriel Durango
Pitching: RHP Gabriel Durango
Batting: RHB Ned Lyons 0-0: Called Strike
0-1: Foul Ball, location: 2F
0-2: Ball
1-2: Foul Ball, location: 2F
1-2: Strikes out swinging
Batting: LHB Rich Watkins 0-0: Called Strike
0-1: Ground out 4-3 (Groundball, 4, EV 102.5 MPH)
Batting: RHB Bailey Gribbins 0-0: Called Strike
0-1: Swinging Strike
0-2: Ball
1-2: Strikes out swinging
Top of the 1st over - 0 runs, 0 hits, 0 errors, 0 left on base; Austin 0 - Monongahela 0
BOTTOM OF THE 1ST
Monongahela Monsters batting - Pitching for Austin Black Mambas : RHP Patrick Ibáñez
Pitching: RHP Patrick Ibáñez
Batting: LHB Max Sinclair 0-0: Called Strike
0-1: Ball
1-1: Foul Ball, location: 2F
1-2: Strikes out looking
Batting: RHB Richello Oliva 0-0: Called Strike
0-1: Foul Ball, location: 2F
0-2: Strikes out swinging
Batting: LHB Naganori Inoue 0-0: Ball
1-0: Ball
2-0: Ball
3-0: Called Strike
3-1: Swinging Strike
3-2: Base on Balls
Batting: LHB Rafael Abasto 0-0: Ball
1-0: Called Strike
Naganori Inoue steals 2nd base
1-1: Swinging Strike
1-2: DOUBLE (Line Drive, 9LM, EV 100.0 MPH)
Naganori Inoue scores
Batting: RHB Roger Snodgrass 0-0: Called Strike
0-1: Fly out, F7 (Flyball, 7LSF, EV 81.2 MPH)
Bottom of the 1st over - 1 run, 1 hit, 0 errors, 1 left on base; Austin 0 - Monongahela 1
TOP OF THE 2ND
Austin Black Mambas batting - Pitching for Monongahela Monsters : RHP Gabriel Durango
Batting: LHB Tomás Muinos 0-0: Ball
1-0: Called Strike
1-1: Ball
2-1: Ball
3-1: Called Strike
3-2: Fly out, F8 (Flyball, 8RS, EV 76.9 MPH)
Batting: RHB Daniel Lindsey 0-0: Ball
1-0: Ball
2-0: Called Strike
2-1: Ground out 1-3 (Groundball, 23, EV 88.8 MPH)
Batting: RHB Jack Núñez 0-0: Foul Ball, location: 2F
0-1: Foul Ball, location: 2F
0-2: Ball
1-2: Ball
2-2: Foul Ball, location: 2F
2-2: Strikes out looking
Top of the 2nd over - 0 runs, 0 hits, 0 errors, 0 left on base; Austin 0 - Monongahela 1
BOTTOM OF THE 2ND
Monongahela Monsters batting - Pitching for Austin Black Mambas : RHP Patrick Ibáñez
Batting: RHB Li-ren Ku 0-0: Foul Ball, location: 2F
0-1: Ball
1-1: Fly out, F5 (Line Drive, 5, EV 69.4 MPH)
Batting: RHB Colt Allen 0-0: Ball
1-0: Called Strike
1-1: Swinging Strike
1-2: Foul Ball, location: 2F
1-2: Strikes out looking
Batting: RHB Román García 0-0: Ball
1-0: Foul Ball, location: 2F
1-1: Foul Ball, location: 2F
1-2: Strikes out looking
Bottom of the 2nd over - 0 runs, 0 hits, 0 errors, 0 left on base; Austin 0 - Monongahela 1
TOP OF THE 3RD
Austin Black Mambas batting - Pitching for Monongahela Monsters : RHP Gabriel Durango
Batting: RHB Omer van de Linde 0-0: Fly out, F7 (Flyball, 7S, EV 87.5 MPH)
Batting: RHB Kamakakoa Kaponianani 0-0: Ground out 6-3 (Groundball, 6MS, EV 83.1 MPH)
Batting: RHB Francisco Ortíz 0-0: Ball
1-0: Called Strike
1-1: Foul Ball, location: 2F
1-2: Fly out, F9 (Flyball, 9, EV 85.6 MPH)
Top of the 3rd over - 0 runs, 0 hits, 0 errors, 0 left on base; Austin 0 - Monongahela 1
BOTTOM OF THE 3RD
Monongahela Monsters batting - Pitching for Austin Black Mambas : RHP Patrick Ibáñez
Batting: RHB Shao Qigang 0-0: Called Strike
0-1: Ball
1-1: Ball
2-1: Ball
3-1: Called Strike
3-2: Foul Ball, location: 2F
3-2: Base on Balls
Batting: LHB Max Sinclair 0-0: Foul Ball, location: 2F
0-1: Ball
1-1: Called Strike
1-2: DOUBLE (Line Drive, 78D, EV 100.6 MPH)
Shao Qigang to third
Runner from 3rd tries for Home, SAFE, throw by CF to trailing runner, SAFE at third!
Batting: RHB Richello Oliva 0-0: Ball
1-0: Swinging Strike
1-1: Ball
2-1: Fly out, F8 (Line Drive, 8RD, EV 97.5 MPH)
Runner from 3rd tags up, SCORES, throw by CF
Batting: LHB Naganori Inoue 0-0: Called Strike
0-1: Ground out 3-1 (Groundball, 34, EV 87.5 MPH)
Batting: LHB Rafael Abasto 0-0: Foul Ball, location: 2F
0-1: Ball
1-1: Swinging Strike
1-2: Foul Ball, location: 2F
1-2: Foul Ball, location: 2F
1-2: Strikes out swinging
Bottom of the 3rd over - 2 runs, 1 hit, 0 errors, 0 left on base; Austin 0 - Monongahela 3
TOP OF THE 4TH
Austin Black Mambas batting - Pitching for Monongahela Monsters : RHP Gabriel Durango
Batting: RHB Ned Lyons 0-0: Foul Ball, location: 2F
0-1: Ball
1-1: Ball
2-1: Ground out 6-3 (Groundball, 56, EV 98.8 MPH)
Batting: LHB Rich Watkins 0-0: Swinging Strike
0-1: Fly out, F7 (Flyball, 7S, EV 94.4 MPH)
Batting: RHB Bailey Gribbins 0-0: Fly out, F2 (Popup, 23F, EV 86.2 MPH)
Top of the 4th over - 0 runs, 0 hits, 0 errors, 0 left on base; Austin 0 - Monongahela 3
BOTTOM OF THE 4TH
Monongahela Monsters batting - Pitching for Austin Black Mambas : RHP Patrick Ibáñez
Batting: RHB Roger Snodgrass 0-0: Ball
1-0: Called Strike
1-1: Ball
2-1: Ball
3-1: SOLO HOME RUN (Flyball, 7D, EV 105.0 MPH), Distance : 393 ft
Batting: RHB Li-ren Ku 0-0: Ball
1-0: Swinging Strike
1-1: Ball
2-1: Fly out, F9 (Flyball, 89D, EV 96.2 MPH)
Batting: RHB Colt Allen 0-0: Fly out, F9 (Line Drive, 9, EV 106.2 MPH)
Batting: RHB Román García 0-0: Called Strike
0-1: Foul Ball, location: 2F
0-2: Ball
1-2: Ball
2-2: Strikes out swinging
Bottom of the 4th over - 1 run, 1 hit, 0 errors, 0 left on base; Austin 0 - Monongahela 4
TOP OF THE 5TH
Austin Black Mambas batting - Pitching for Monongahela Monsters : RHP Gabriel Durango
Batting: LHB Tomás Muinos 0-0: Ball
1-0: Ball
2-0: Ball
3-0: Base on Balls
Batting: RHB Daniel Lindsey 0-0: Ball
1-0: Called Strike
1-1: Ball
2-1: Ball
3-1: Base on Balls
Tomás Muinos to second
Batting: RHB Jack Núñez 0-0: DOUBLE (Line Drive, 7LM, EV 106.9 MPH)
Tomás Muinos scores
Daniel Lindsey to third
Batting: RHB Omer van de Linde 0-0: Ball
1-0: Called Strike
1-1: Foul Ball, location: 2F
1-2: Ball
2-2: Strikes out swinging
Batting: RHB Kamakakoa Kaponianani 0-0: Ball
1-0: Called Strike
1-1: Swinging Strike
1-2: Foul Ball, location: 2F
1-2: Foul Ball, location: 2F
1-2: Strikes out swinging
Batting: RHB Francisco Ortíz 0-0: Ball
1-0: Called Strike
1-1: Ball
2-1: Ball
3-1: Foul Ball, location: 2F
3-2: Ground out 6-3 (Groundball, 6, EV 84.4 MPH)
Top of the 5th over - 1 run, 1 hit, 0 errors, 2 left on base; Austin 1 - Monongahela 4
BOTTOM OF THE 5TH
Monongahela Monsters batting - Pitching for Austin Black Mambas : RHP Patrick Ibáñez
Batting: RHB Shao Qigang 0-0: Ball
1-0: Ball
2-0: Swinging Strike
2-1: Fly out, F9 (Flyball, 9S, EV 88.1 MPH)
Batting: LHB Max Sinclair 0-0: Called Strike
0-1: Foul Ball, location: 2F
0-2: Ball
1-2: Ground out 1-3 (Groundball, 34S, EV 78.1 MPH)
Batting: RHB Richello Oliva 0-0: Called Strike
0-1: Ball
1-1: Called Strike
1-2: Ball
2-2: Ball
3-2: Foul Ball, location: 2F
3-2: Foul Ball, location: 2F
3-2: Foul Ball, location: 2F
3-2: Fly out, F9 (Flyball, 9LM, EV 82.5 MPH)
Bottom of the 5th over - 0 runs, 0 hits, 0 errors, 0 left on base; Austin 1 - Monongahela 4
TOP OF THE 6TH
Austin Black Mambas batting - Pitching for Monongahela Monsters : RHP Gabriel Durango
Batting: RHB Ned Lyons 0-0: Ball
1-0: Swinging Strike
1-1: Ground out 4-3 (Groundball, 34, EV 101.2 MPH)
Batting: LHB Rich Watkins 0-0: Ground out U3 (Groundball, 34, EV 97.5 MPH)
Batting: RHB Bailey Gribbins 0-0: Called Strike
0-1: Swinging Strike
0-2: Ball
1-2: Fly out, F5 (Flyball, 5D, EV 90.6 MPH)
Top of the 6th over - 0 runs, 0 hits, 0 errors, 0 left on base; Austin 1 - Monongahela 4
BOTTOM OF THE 6TH
Monongahela Monsters batting - Pitching for Austin Black Mambas : RHP Patrick Ibáñez
Batting: LHB Naganori Inoue 0-0: Hit by Pitch
Batting: LHB Rafael Abasto 0-0: Ball
1-0: Ball
2-0: Ball
3-0: Base on Balls
Naganori Inoue to second
Batting: RHB Roger Snodgrass 0-0: Called Strike
0-1: SINGLE (Groundball, 56D, EV 95.0 MPH)
Naganori Inoue to third
Rafael Abasto to second
Batting: RHB Li-ren Ku 0-0: Fly out, F9 (Flyball, 9S, EV 81.2 MPH)
Batting: RHB Colt Allen 0-0: Ball
1-0: SINGLE (Groundball, 6D, EV 99.4 MPH)
Naganori Inoue scores
Rafael Abasto to third
Roger Snodgrass to second
Runner from 3rd tries for Home, SAFE, throw by CF to home
Pitching: RHP José Lucero
Batting: RHB Román García 0-0: Ball
1-0: Called Strike
1-1: Called Strike
1-2: Ball
2-2: SINGLE (Groundball, 6D, EV 94.4 MPH)
Roger Snodgrass to third
Colt Allen to second
Runner from 3rd tries for Home, throw by CF and OUT! 8-2
Batting: RHB Shao Qigang 0-0: Ball
1-0: Ball
2-0: Foul Ball, location: 2F
2-1: Fly out, F9 (Flyball, 9S, EV 80.6 MPH)
Bottom of the 6th over - 2 runs, 3 hits, 0 errors, 2 left on base; Austin 1 - Monongahela 6
TOP OF THE 7TH
Austin Black Mambas batting - Pitching for Monongahela Monsters : RHP Gabriel Durango
Batting: LHB Tomás Muinos 0-0: Called Strike
0-1: Ball
1-1: Ball
2-1: Ball
3-1: Base on Balls
Batting: RHB Daniel Lindsey 0-0: Ball
1-0: Called Strike
1-1: Ball
2-1: Fly out, F9 (Line Drive, 9, EV 98.8 MPH)
Batting: RHB Jack Núñez 0-0: Foul Ball, location: 2F
0-1: Foul Ball, location: 2F
0-2: Ball
1-2: Foul Ball, location: 2F
1-2: Ball
2-2: Grounds into double play, 5-4-3 (Groundball, 56, EV 106.2 MPH)
Top of the 7th over - 0 runs, 0 hits, 0 errors, 0 left on base; Austin 1 - Monongahela 6
BOTTOM OF THE 7TH
Monongahela Monsters batting - Pitching for Austin Black Mambas : RHP José Lucero
Batting: LHB Max Sinclair 0-0: Ball
1-0: Foul Ball, location: 2F
1-1: Called Strike
1-2: Fly out, F9 (Flyball, 9LD, EV 108.1 MPH)
Batting: RHB Richello Oliva 0-0: Called Strike
0-1: Ball
1-1: SINGLE (Line Drive, 78S, EV 96.2 MPH)
Batting: LHB Naganori Inoue 0-0: Ball
1-0: TRIPLE (Line Drive, 78XD, EV 104.4 MPH)
Richello Oliva scores
Batting: LHB Rafael Abasto 0-0: Swinging Strike
0-1: Ball
Wild Pitch!
Naganori Inoue scores
1-1: Foul Ball, location: 2F
1-2: Ball
2-2: Ground out 6-3 (Groundball, 4, EV 90.6 MPH)
Batting: RHB Roger Snodgrass 0-0: Ball
1-0: Ball
2-0: Ball
3-0: Called Strike
3-1: Swinging Strike
3-2: Foul Ball, location: 2F
3-2: Strikes out swinging
Bottom of the 7th over - 2 runs, 2 hits, 0 errors, 0 left on base; Austin 1 - Monongahela 8
TOP OF THE 8TH
Austin Black Mambas batting - Pitching for Monongahela Monsters : RHP Gabriel Durango
Pitching: LHP Elliot Rickard
Batting: RHB Omer van de Linde 0-0: Ball
1-0: Ball
2-0: Ball
3-0: Called Strike
3-1: Base on Balls
Batting: RHB Kamakakoa Kaponianani 0-0: Called Strike
0-1: Ball
1-1: Foul Ball, location: 2F
1-2: Foul Ball, location: 2F
1-2: Fly out, F3 (Popup, 3F, EV 74.4 MPH)
Pinch Hitting: SHB Fergus Stidston 0-0: Called Strike
0-1: Swinging Strike
0-2: Strikes out swinging
Batting: RHB Ned Lyons 0-0: Ball
1-0: Ball
2-0: Called Strike
2-1: Ball
3-1: Swinging Strike
3-2: Foul Ball, location: 2F
3-2: Foul Ball, location: 2F
3-2: Foul Ball, location: 2F
3-2: Strikes out looking
Top of the 8th over - 0 runs, 0 hits, 0 errors, 1 left on base; Austin 1 - Monongahela 8
BOTTOM OF THE 8TH
Monongahela Monsters batting - Pitching for Austin Black Mambas : RHP José Lucero
Now at SS: Fergus Stidston
Batting: RHB Li-ren Ku 0-0: Ball
1-0: Called Strike
1-1: Foul Ball, location: 2F
1-2: Fly out, F7 (Flyball, 78D, EV 110.6 MPH)
Batting: RHB Colt Allen 0-0: Called Strike
0-1: Ball
1-1: Swinging Strike
1-2: Foul Ball, location: 2F
1-2: Strikes out swinging
Batting: RHB Román García 0-0: Called Strike
0-1: Called Strike
0-2: Ball
1-2: Ball
2-2: SINGLE (Groundball, 6MD, EV 100.0 MPH)
Pitching: LHP Jordan Coffey
Batting: RHB Shao Qigang 0-0: Ball
1-0: Fly out, F9 (Line Drive, 9D, EV 106.2 MPH)
Bottom of the 8th over - 0 runs, 1 hit, 0 errors, 1 left on base; Austin 1 - Monongahela 8
TOP OF THE 9TH
Austin Black Mambas batting - Pitching for Monongahela Monsters : LHP Elliot Rickard
Batting: LHB Rich Watkins 0-0: Foul Ball, location: 2F
0-1: Ball
1-1: Ball
2-1: Ball
3-1: Foul Ball, location: 2F
3-2: Base on Balls
Pitching: RHP Waylon Fraser
Batting: RHB Bailey Gribbins 0-0: Ball
1-0: Called Strike
1-1: Ball
2-1: Grounds into double play, 6-4-3 (Groundball, 6, EV 87.5 MPH)
Batting: LHB Tomás Muinos 0-0: Ball
1-0: Ball
2-0: Ball
3-0: Swinging Strike
3-1: Base on Balls
Batting: RHB Daniel Lindsey 0-0: Ball
1-0: Foul Ball, location: 2F
1-1: Ball
2-1: Called Strike
2-2: Strikes out swinging
Top of the 9th over - 0 runs, 0 hits, 0 errors, 1 left on base; Austin 1 - Monongahela 8
Tuesday, January 5th, 2021 - OOTP Baseball 20.8 Build 74